 Dungeon Crawl Stone Soup version 0.18.1-8-gdd0e5ea (webtiles) character file.

91 zeroDi the Sneak (level 4, -2/23 HPs)
             Began as a Vine Stalker Assassin on May 22, 2016.
             Slain by a sky beast (4 damage)
             ... on level 3 of the Dungeon.
             The game lasted 00:03:03 (1620 turns).

zeroDi the Sneak (Vine Stalker Assassin)            Turns: 1620, Time: 00:03:03

Health: -2/23      AC:  3    Str: 13    XL:     4   Next: 59%
Magic:  0/5        EV: 11    Int: 11    God:
Gold:   89         SH:  0    Dex: 17    Spells: 0 memorised, 3 levels left

rFire  . . .     SeeInvis .     a - +2 dagger
rCold  . . .     Gourm    .     h - +0 robe (curse)
rNeg   . . .     Faith    .     (no shield)
rPois  .         Spirit   +     (no helmet)
rElec  .         Dismiss  .     d - +0 cloak
rCorr  .         Reflect  .     (no gloves)
SustAt .         Harm     .     (no boots)
MR     .....                    (no amulet)
Stlth  +++.......               (no ring)
                                (no ring)

@: not resistant to hostile enchantments, fairly stealthy
A: fangs 2, regeneration 1, magic shield, antimagic bite, no device heal 3, rot
immunity
a: no special abilities


You were on level 3 of the Dungeon.
You were not hungry.

You visited 1 branch of the dungeon, and saw 3 of its levels.

You collected 89 gold pieces.


Innate Abilities, Weirdness & Mutations

You have extremely sharp teeth.
Your natural rate of healing is unusually fast.
When hurt, damage is shared between your health and your magic reserves.
Your bite disrupts and absorbs the magic of your enemies.
Potions and wands cannot restore your health.
You are immune to rotting.


   Skills:
 - Level 1.7 Fighting
 + Level 4.2 Short Blades
 - Level 1.7 Throwing
 - Level 0.7 Dodging
 - Level 4.8 Stealth


You had 3 spell levels left.
You didn't know any spells.

Inventory:

Hand Weapons
 a - a +2 dagger (weapon)
 b - a +0 blowgun
Missiles
 e - 28 poisoned needles
 f - 2 curare-tipped needles {=f}
Armour
 c - a +0 robe
 d - a +0 cloak (worn)
 h - a cursed +0 robe (worn)
Scrolls
 i - 2 scrolls of identify {unknown}
 j - a scroll of enchant armour {unknown}
 k - a scroll of amnesia {unknown}
Potions
 n - 3 potions of curing {unknown}
 o - a potion of cancellation {unknown}
Comestibles
 g - a bread ration
 l - 2 meat rations
 m - 2 beef jerkies

Dungeon Overview and Level Annotations

Branches:
Dungeon (3/15)

Altars:
Ru

Annotations:
D:3 Robin

. #.#.# ###.#.#.#
....#.#.##################
...>..).).....)..........#
#
.##....##.##############.#
# #.......# #.# #
..<>.#...## #.###
########.####### #..##
#..gg{@g..# ##.##
#.#.#####.# #..# #.#)#
##)# ####.#g#####.# #.#
#....gK{.....# #<)
######g######. #..
#.g..g.g.. #.. #......g..
##. #....g.... #.


You could see Robin, a hobgoblin and a goblin.


Message History

The kobold closely misses you.
You hit the kobold. You bite the kobold, but do no damage.
The kobold is severely wounded.
The kobold barely misses you.
You hit the kobold.
You kill the kobold!
Something hits you. Something shocks you.
You barely miss something. You bite something. Something hits you.
Something shocks you.
* * * LOW HITPOINT WARNING * * *
You hit something. You hit something. Your bite misses something.
Something hits you.
* * * LOW HITPOINT WARNING * * *
Something shocks you.
* * * LOW HITPOINT WARNING * * *
Robin throws the goblin at you!
You closely miss something. Your bite misses something. Something hits you.
* * * LOW HITPOINT WARNING * * *
Something shocks you.
You die...

Action                   |  1- 3 |  4- 6 || total
-------------------------+-------+-------++-------
Melee: Dagger            |    75 |    45 ||   120
       Bite              |    17 |    14 ||    31
 Fire: Blowgun           |       |     2 ||     2
  Use: Potion            |     2 |       ||     2
       Scroll            |     1 |       ||     1
 Stab: Sleeping          |     8 |     3 ||    11
  Eat: Chunk             |       |     2 ||     2
Armor: Robe              |    21 |     6 ||    27
Dodge: Dodged            |    36 |    14 ||    50

Vault maps used:
D:1:      dpeg_arrival_short_road
D:2:      nicolae_ru_the_path_less_chosen
D:3:      overflow_temple_1_default, marbit_many_paths, first_bread,
          uniq_sigmund, uniq_robin

Notes
Turn   | Place    | Note
--------------------------------------------------------------
     0 | D:1      | zeroDi the Vine Stalker Assassin began the quest for the Orb.
     0 | D:1      | Reached XP level 1. HP: 11/11 MP: 2/2
    47 | D:1      | Reached skill level 2 in Short Blades
   111 | D:1      | Reached XP level 2. HP: 13/15 MP: 3/3
   248 | D:1      | Reached skill level 3 in Short Blades
   302 | D:1      | Reached XP level 3. HP: 16/18 MP: 2/4
   664 | D:2      | Found a sacrificial altar of Ru.
   720 | D:2      | HP: 2/27 [poisoned by an adder]
   727 | D:2      | HP: 2/27 [poisoned by an adder]
   997 | D:2      | Reached XP level 4. HP: 13/23 MP: 5/5
  1557 | D:3      | Reached skill level 4 in Short Blades
  1588 | D:3      | Noticed a sky beast
  1589 | D:3      | Noticed Robin
  1620 | D:3      | HP: 2/23 [something (3)]
  1620 | D:3      | Slain by a sky beast

Vanquished Creatures
  3 adders (D:2)
  2 oozes (D:1)
  A worm (D:2)
  An orc (D:3)
  A ball python (D:2)
  15 goblins
  3 hobgoblins
  A quokka (D:2)
  8 bats
  3 giant newts (D:1)
  8 kobolds
  4 rats
50 creatures vanquished.
